 Dungeon Crawl Stone Soup version 0.26-a0-498-g0fdccc9 (webtiles) character file.

Game seed: 10201516174350410346

178 robertstho the Shield-Bearer (level 5, -2/70 HPs)
             Began as a Formicid Fighter on Aug 6, 2020.
             Slain by an orc wizard
             ... wielding a +1 dagger of electrocution
              (12 damage)
             ... on level 3 of the Dungeon.
             The game lasted 00:02:34 (2104 turns).

robertstho the Shield-Bearer (Formicid Fighter)     Turns: 2104, Time: 00:02:34

Health: -2/70      AC: 22    Str: 22    XL:     5   Next: 89%
Magic:  5/5        EV:  2    Int:  7    God:
Gold:   143        SH: 15    Dex: 16    Spells: 4/4 levels left

rFire    . . .     SeeInvis .   a - +0 war axe
rCold    . . .     Faith    .   l - +0 tower shield
rNeg     + + +     Spirit   .   (armour currently unavailable)
rPois    +         Reflect  .   (helmet unavailable)
rElec    .         Harm     .   (cloak currently unavailable)
rCorr    .                      (gloves currently unavailable)
MR       .....                  (boots currently unavailable)
Stlth    +.........             (no amulet)
HPRegen  0.21/turn              i - +6 ring of dexterity
MPRegen  0.09/turn              (no ring)

@: mighty, tree-form
A: permanent stasis, dig shafts and tunnels, four strong arms, rugged brown
scales 1, robust 1, subdued magic 1
a: no special abilities


You were on level 3 of the Dungeon.
You were a tree.
You visited 1 branch of the dungeon, and saw 3 of its levels.

You collected 143 gold pieces.

Inventory:

Hand Weapons
 a - a +0 war axe (weapon)
Armour
 b - a +0 scale mail (melded)
 l - a +0 tower shield (worn)
 m - a +0 pair of gloves (melded)
Jewellery
 i - a +6 ring of dexterity (left branch)
Scrolls
 e - a scroll of remove curse {unknown}
 f - a scroll of amnesia {unknown}
 g - 6 scrolls of identify {unknown}
 h - a scroll of fog {unknown}
 j - a scroll of enchant armour {unknown}
 n - 2 scrolls of teleportation {unknown}
 o - a scroll of random uselessness {unknown}
Potions
 k - 3 potions of lignification
 q - a potion of brilliance {unknown}
 r - a potion of stabbing {unknown}
 s - a potion of haste {unknown}


   Skills:
 + Level 4.0 Fighting
 + Level 3.8 Axes
 + Level 4.1 Armour
 + Level 1.1 Dodging
 + Level 4.4 Shields


You had 4 spell levels left.
You didn't know any spells.
Your spell library was empty.

Dungeon Overview and Level Annotations

Branches:
Dungeon (3/15)

Altars:
Ashenzari
Fedhas
Nemelex Xobeh
Xom


Innate Abilities, Weirdness & Mutations

You cannot be hasted, slowed, berserked, paralysed or teleported.
You can dig through walls and to a lower floor.
Your four strong arms can wield two-handed weapons with a shield.
((You have a pair of large antennae on your head. (SInv)))
(You are partially covered in rugged brown scales. (AC +1, +3% HP))
You are robust. (+10% HP)
((You are resistant to electric shocks. (rElec)))
Your spells are a little easier to cast, but a little less powerful.


Message History

The orc wizard is moderately wounded.
You closely miss the orc. You block the orc wizard's attack.
The orc hits you but does no damage.
The orc wizard hits you but does no damage.
You block the orc's attack.
You closely miss the orc wizard.
The orc wizard is moderately wounded.
You closely miss the orc.
The orc wizard hits you but does no damage.
You are electrocuted!!
* * * LOW HITPOINT WARNING * * *
The orc wizard hits you but does no damage.
You block the orc's attack.
You aren't carrying any items that you can evoke.
It was a potion of mutation.
You feel extremely strange.
Rugged brown scales grow over part of your body.
Your connection to magic feels subdued.
You feel insulated.
You feel robust.
The orc wizard hits you but does no damage.
You are electrocuted!
You die...

...<.......# ..#
.......##### ###..##
#.†...## # #..o..
##...## #> #.#..# #
##.## #.##.#{.#.##.
#.# ###............
##.##
#.......o......
#...#
#.####o###.##..
#...#####.###.o♣...#
#................#.#
##....#.........#.#
......†..#..#.....#
............#.....#
.........#.†#..##.#
##)...#.##..#... ...
#)...............###
#....########.####


You could see an orc wizard (fast) and an orc.

Vanquished Creatures
  2 orc wizards (D:3)
  Natasha (D:3)
  2 adders (D:2)
  An ooze (D:1)
  2 worms (D:2)
  2 dart slugs
  A leopard gecko (D:1)
  7 orcs (D:3)
  7 giant cockroaches
  2 hobgoblins (D:1)
  4 jackals (D:1)
  4 kobolds
  A quokka (D:2)
  9 bats
  4 frilled lizards
  7 goblins
  6 rats
62 creatures vanquished.

Notes
Turn   | Place    | Note
-------+----------+-------------------------------------------
     0 | D:1      | robertstho the Formicid Fighter began the quest for the
                  | Orb.
     0 | D:1      | Reached XP level 1. HP: 18/18 MP: 1/1
   268 | D:1      | Reached XP level 2. HP: 24/24 MP: 2/2
   656 | D:1      | Reached XP level 3. HP: 29/29 MP: 3/3
   972 | D:2      | Found a blossoming altar of Fedhas.
   975 | D:2      | Reached XP level 4. HP: 37/37 MP: 4/4
  1539 | D:2      | Found a sparkling altar of Nemelex Xobeh.
  1604 | D:2      | Found a shimmering altar of Xom.
  1729 | D:3      | Found a shattered altar of Ashenzari.
  1752 | D:3      | Reached XP level 5. HP: 26/42 MP: 5/5
  2019 | D:3      | Reached skill level 1 in Dodging
  2034 | D:3      | Noticed Natasha
  2039 | D:3      | Killed Natasha
  2098 | D:3      | HP: 1/63 [orc wizard/+1 dagger of electrocution (20)]
  2104 | D:3      | Gained mutation: You are partially covered in rugged brown
                  | scales. (AC +1, +3% HP) [potion of mutation]
  2104 | D:3      | Gained mutation: Your spells are a little easier to cast,
                  | but a little less powerful. [potion of mutation]
  2104 | D:3      | Gained mutation: You are resistant to electric shocks.
                  | (rElec) [potion of mutation]
  2104 | D:3      | Gained mutation: You are robust. (+10% HP) [potion of
                  | mutation]
  2104 | D:3      | Slain by an orc wizard

Illustrated notes

Levels and vault maps discovered:
D:1:      lightli_arrival_lavapool, layout_basic, hangedman_decor_peaks_small,
          patterned_corridor
D:2:      layout_basic, nicolae_overflow_hidden_temple, marbit_many_paths,
          fedhas_altar_1
D:3:      layout_loops_cross, ashenzari_altar_1, uniq_crazy_yiuf_cottage,
          uniq_grinder, uniq_natasha

Skill      XL: |  1  2  3  4  5 |
---------------+----------------+-----
Shields        | 4 |  4.4
Axes           | 3 |  3.8
Armour         | 4 |  4.1
Dodging        | 1 |  1.1
Fighting       | 4 |  4.0

Action                   |  1- 3 |  4- 6 || total
-------------------------+-------+-------++-------
Melee: War axe           |    69 |    92 ||   161
  Use: Potion            |       |     5 ||     5
Armor: Scale mail        |    49 |    45 ||    94
       Skin              |       |    13 ||    13
Dodge: Dodged            |    26 |    22 ||    48
Block: Kite shield       |    43 |       ||    43
       Tower shield      |    11 |    89 ||   100

Table legend: (Time is in decaauts)
 A = Elapsed time spent in this place.
 B = Non-inter-level travel time spent in this place.
 C = Inter-level travel time spent in this place.
 D = Time resting spent in this place.
 E = Time spent auto-exploring this place.
 F = Levels seen in this place.
 G = Mean time per level.
                   A        B        C        D        E       F      G
               +--------+--------+--------+--------+--------+-----+--------+
         Total |   2178 |   2096 |     82 |    165 |   1490 |   3 |  726.0 |
       Dungeon |   2178 |   2096 |     82 |    165 |   1490 |   3 |  726.0 |
               +--------+--------+--------+--------+--------+-----+--------+

Top non-repeatable levels by time:
     D:1: 938 daAuts
     D:2: 796 daAuts
     D:3: 444 daAuts
